[Event "21st Alekhine FIDE 2017"]
[Site "Voronezh"]
[Date "2017.06.12"]
[Round "1"]
[White "Manukovsky, Vladimir"]
[Black "Vlasova, Zlata"]
[Result "1-0"]
[ECO "E70"]
[WhiteElo "2200"]
[BlackElo "1819"]
[Annotator "ChessBase"]
[PlyCount "111"]
[EventDate "2017.??.??"]
[EventType "swiss"]
[EventCountry "RUS"]
[SourceTitle "playchess.com"]
[Source "ChessBase"]
[SourceQuality "1"]
[TimeControl "40/5400+30:1800+30"]

1. c4 Nf6 2. Nc3 g6 3. e4 d6 4. d4 Bg7 5. Bg5 h6 6. Bh4 O-O 7. h3 c5 8. Nf3 cxd4 9. Nxd4 Nc6 10. Nc2 Qa5 11. Qd2 Be6 12. Rc1 Rac8 13. Ne3 Ne5 14. b3 a6 15. f4 Nc6 16. Bd3 Nb4 17. Bb1 b5 18. f5 g5 19. Bf2 Bd7 20. Ncd5 Nfxd5 21. Nxd5 Rfe8 22. Bb6 Qa3 23. Nxb4 bxc4 24. Nc2 Qb2 25. O-O cxb3 26. axb3 Qxb3 27. Bd4 Bb5 28. Rf3 Bxd4+ 29. Nxd4 Rxc1+ 30. Qxc1 Qb4 31. Nxb5 Qxb5 32. f6 Qe5 33. fxe7 Rxe7 34. Qc8+ Kg7 35. Qxa6 Qd4+ 36. Kh1 Ra7 37. Qd3 Qe5 38. Rf5 Qa1 39. Kh2 Rb7 40. Bc2 Qa2 41. Qd4+ Kg8 42. Bd3 Rb2 43. Bf1 Rd2 44. Qf6 Qe6 45. Rxg5+ hxg5 46. Qxg5+ Qg6 47. Qxd2 Qxe4 48. Qxd6 f5 49. Bd3 Qh4 50. Qg6+ Kh8 51. Qxf5 Qh6 52. Qe5+ Kg8 53. Bc4+ Kh7 54. Qe7+ Kh8 55. Qe8+ Kh7 56. Qg8# 1-0

[Event "21st Alekhine FIDE 2017"]
[Site "Voronezh"]
[Date "2017.06.12"]
[Round "1"]
[White "Shishkin, Aleksey A"]
[Black "Savoskin, Vladimir"]
[Result "1-0"]
[ECO "A06"]
[WhiteElo "2191"]
[BlackElo "1810"]
[Annotator "ChessBase"]
[PlyCount "125"]
[EventDate "2017.??.??"]
[EventType "swiss"]
[EventCountry "RUS"]
[SourceTitle "playchess.com"]
[Source "ChessBase"]
[SourceQuality "1"]
[TimeControl "40/5400+30:1800+30"]

1. Nf3 d5 2. d4 e6 3. c4 c6 4. Qc2 Nf6 5. Bg5 Bb4+ 6. Nbd2 Nbd7 7. a3 Qa5 8. Rc1 Bxd2+ 9. Bxd2 Qc7 10. g3 Ne4 11. Bg2 Nxd2 12. Qxd2 O-O 13. O-O Re8 14. Rfd1 Nb6 15. Qa5 Qd8 16. b3 Qf6 17. e3 Nd7 18. Qc3 h6 19. b4 Nb6 20. Ne5 Nd7 21. e4 Nb6 22. Rd3 Qd8 23. c5 Nd7 24. Nxd7 Bxd7 25. e5 f6 26. exf6 Qxf6 27. Rf3 Qg6 28. Re1 Rf8 29. Rxf8+ Rxf8 30. f4 h5 31. h4 Rf6 32. Kh2 Qf7 33. Re5 Rf5 34. Re3 g6 35. Bh3 Rf6 36. Re5 Kg7 37. Qe3 Kh7 38. Rg5 Kg7 39. Qe5 Kh7 40. Qb8 Be8 41. Kg1 a6 42. Kf2 Qe7 43. Ke3 Rf8 44. Re5 Bf7 45. Qa7 Re8 46. Qb6 Qd7 47. Qa5 Bg8 48. Qa4 Bf7 49. Qc2 Kg7 50. Bf1 Rf8 51. Bd3 Be8 52. Kd2 Rf6 53. Kc3 Qc7 54. Qe2 Bf7 55. Rg5 Qd7 56. Qxh5 Rf5 57. Bxf5 exf5 58. Qe2 Kh7 59. Qe5 Kg8 60. h5 Kh7 61. Kd2 Qd8 62. hxg6+ Bxg6 63. Qe6 1-0

[Event "21st Alekhine FIDE 2017"]
[Site "Voronezh"]
[Date "2017.06.12"]
[Round "1"]
[White "Koshelev, Vladimir"]
[Black "Khajrutdinov, Ildar"]
[Result "0-1"]
[ECO "A01"]
[WhiteElo "2175"]
[BlackElo "2087"]
[Annotator "ChessBase"]
[PlyCount "70"]
[EventDate "2017.??.??"]
[EventType "swiss"]
[EventCountry "RUS"]
[SourceTitle "playchess.com"]
[Source "ChessBase"]
[SourceQuality "1"]
[TimeControl "40/5400+30:1800+30"]

1. b3 e5 2. Bb2 Nc6 3. e3 Nf6 4. c4 Be7 5. Nc3 d5 6. cxd5 Nxd5 7. a3 O-O 8. Nf3 Be6 9. b4 Nxc3 10. Bxc3 e4 11. Nd4 Nxd4 12. Bxd4 Bf6 13. Bc3 Qe7 14. Qc2 Bf5 15. Be2 Rfd8 16. O-O Rd7 17. Rfd1 Rad8 18. Ra2 Qe6 19. Bxf6 Qxf6 20. h3 Qe5 21. a4 a5 22. b5 Qe7 23. Qc3 b6 24. Rc2 h6 25. Qb2 Be6 26. Bc4 Bxc4 27. Rxc4 Rd3 28. Qc2 R8d7 29. Kf1 Qe5 30. g3 Qe6 31. Ke1 Qxh3 32. Rxc7 Qh1+ 33. Ke2 Qf3+ 34. Ke1 R7d5 35. g4 Qxg4 0-1

[Event "21st Alekhine FIDE 2017"]
[Site "Voronezh"]
[Date "2017.06.12"]
[Round "1"]
[White "Peschansky, Mikhail"]
[Black "Stepanischev, Gregory"]
[Result "1-0"]
[ECO "A10"]
[WhiteElo "2162"]
[BlackElo "1799"]
[Annotator "ChessBase"]
[PlyCount "75"]
[EventDate "2017.??.??"]
[EventType "swiss"]
[EventCountry "RUS"]
[SourceTitle "playchess.com"]
[Source "ChessBase"]
[SourceQuality "1"]
[TimeControl "40/5400+30:1800+30"]

1. c4 g6 2. g3 Bg7 3. Bg2 Nf6 4. e4 d6 5. Ne2 e5 6. O-O Nc6 7. Nbc3 O-O 8. h3 Nd7 9. d3 Nc5 10. Be3 Ne6 11. Rb1 a5 12. Nb5 Rb8 13. Qd2 Re8 14. f4 exf4 15. gxf4 f5 16. d4 Ne7 17. d5 Nc5 18. Bxc5 dxc5 19. e5 Bd7 20. Nec3 Nc8 21. Rbd1 Bxb5 22. Nxb5 g5 23. d6 cxd6 24. exd6 Nb6 25. b3 a4 26. fxg5 axb3 27. axb3 Re5 28. Rfe1 Nd7 29. Rxe5 Bxe5 30. h4 Qf8 31. Bxb7 Bd4+ 32. Nxd4 Rxb7 33. Ne6 Qe8 34. Qd5 Ra7 35. Nxc5+ Kh8 36. Ne6 Qg6 37. Qd4+ Kg8 38. Nf4 1-0

[Event "21st Alekhine FIDE 2017"]
[Site "Voronezh"]
[Date "2017.06.12"]
[Round "1"]
[White "Ioffe, Evgeny"]
[Black "Egorov, Alexey"]
[Result "0-1"]
[ECO "B17"]
[WhiteElo "2155"]
[BlackElo "1794"]
[Annotator "ChessBase"]
[PlyCount "74"]
[EventDate "2017.??.??"]
[EventType "swiss"]
[EventCountry "RUS"]
[SourceTitle "playchess.com"]
[Source "ChessBase"]
[SourceQuality "1"]
[TimeControl "40/5400+30:1800+30"]

1. e4 c6 2. Nc3 d5 3. d4 dxe4 4. Nxe4 Nd7 5. Nf3 Ngf6 6. Ng3 e6 7. Bc4 Nb6 8. Bd3 c5 9. O-O cxd4 10. Nxd4 Bc5 11. Nf3 O-O 12. b3 Bd7 13. Bb2 Bc6 14. Ne5 Nbd7 15. Nxc6 bxc6 16. Qf3 Qc7 17. Rad1 Rfd8 18. Rfe1 Bd6 19. Qe2 Bb4 20. c3 Bd6 21. Nf1 Rab8 22. h3 Be5 23. Qc2 h6 24. Nd2 Nd5 25. Nf3 Bf6 26. Bh7+ Kh8 27. Be4 Nc5 28. Bxd5 cxd5 29. Ba1 e5 30. Qf5 e4 31. Nd4 Rb6 32. Qg4 Nd3 33. Re2 Bxd4 34. cxd4 Rg6 35. Qh4 Nf4 36. Rc2 Qxc2 37. Qxd8+ Kh7 0-1

[Event "21st Alekhine FIDE 2017"]
[Site "Voronezh"]
[Date "2017.06.12"]
[Round "1"]
[White "Palkovich, Denis"]
[Black "Kuzmin, Vitaly"]
[Result "1-0"]
[ECO "D00"]
[WhiteElo "2147"]
[BlackElo "1770"]
[Annotator "ChessBase"]
[PlyCount "93"]
[EventDate "2017.??.??"]
[EventType "swiss"]
[EventCountry "RUS"]
[SourceTitle "playchess.com"]
[Source "ChessBase"]
[SourceQuality "1"]
[TimeControl "40/5400+30:1800+30"]

1. d4 d5 2. Bf4 Nf6 3. e3 Bf5 4. c4 c6 5. Nc3 e6 6. Qb3 Qb6 7. c5 Qxb3 8. axb3 Nbd7 9. b4 Be7 10. h3 O-O 11. Nf3 a6 12. Nd2 h6 13. Nb3 Bd8 14. Na5 Bxa5 15. bxa5 Ne4 16. Nxe4 Bxe4 17. f3 Bg6 18. Ra4 f6 19. Bd6 Rf7 20. Rb4 Nf8 21. Kd2 Re8 22. f4 Be4 23. Rg1 Ng6 24. g3 e5 25. Be2 exd4 26. exd4 Rd7 27. Bh5 Ra8 28. Re1 Ne7 29. Bg4 f5 30. Bh5 g6 31. Bd1 Nc8 32. Be5 Na7 33. g4 Nb5 34. Rb3 Rf8 35. Rg3 Rh7 36. Reg1 Kf7 37. gxf5 Bxf5 38. Bc2 Bxc2 39. Kxc2 Rg8 40. f5 g5 41. h4 Na7 42. hxg5 hxg5 43. Rxg5 Rxg5 44. Rxg5 Nc8 45. f6 Na7 46. Kd2 Nb5 47. Ke1 1-0

[Event "21st Alekhine FIDE 2017"]
[Site "Voronezh"]
[Date "2017.06.12"]
[Round "1"]
[White "Yashmetov, Nikolay"]
[Black "Karpuzov, Georgiy"]
[Result "1-0"]
[ECO "C71"]
[WhiteElo "2127"]
[BlackElo "1755"]
[Annotator "ChessBase"]
[PlyCount "91"]
[EventDate "2017.??.??"]
[EventType "swiss"]
[EventCountry "RUS"]
[SourceTitle "playchess.com"]
[Source "ChessBase"]
[SourceQuality "1"]
[TimeControl "40/5400+30:1800+30"]

1. e4 e5 2. Nf3 Nc6 3. Bb5 a6 4. Ba4 d6 5. d4 b5 6. Bb3 exd4 7. Nxd4 Nxd4 8. Qxd4 c5 9. Qd5 Be6 10. Qc6+ Bd7 11. Qd5 c4 12. Bxc4 bxc4 13. Qxc4 Bb5 14. Qd4 Qc7 15. Na3 Qc5 16. Be3 Nf6 17. O-O-O Be7 18. f3 O-O 19. Qxc5 dxc5 20. e5 Ne8 21. Nxb5 axb5 22. Rd7 Bd8 23. Bxc5 Rxa2 24. Kb1 Ra8 25. Rhd1 Bg5 26. g3 g6 27. Bxf8 Kxf8 28. Rb7 Rd8 29. Rxd8 Bxd8 30. Rxb5 Nc7 31. Rb4 h5 32. f4 Ke7 33. c3 Ke6 34. Rd4 Be7 35. b4 f6 36. exf6 Bxf6 37. Rd3 Nd5 38. Kc2 h4 39. Kb3 Be7 40. c4 Nf6 41. c5 hxg3 42. hxg3 Nd5 43. Kc4 Nc7 44. b5 g5 45. b6 Na6 46. Kb5 1-0

[Event "21st Alekhine FIDE 2017"]
[Site "Voronezh"]
[Date "2017.06.12"]
[Round "1"]
[White "Bitkinin, Lenar"]
[Black "Buyukli, Egor"]
[Result "0-1"]
[ECO "A48"]
[WhiteElo "2094"]
[BlackElo "1749"]
[Annotator "NA"]
[PlyCount "145"]
[EventDate "2017.??.??"]
[EventType "swiss"]
[EventCountry "RUS"]
[SourceTitle "playchess.com"]
[Source "ChessBase"]
[SourceQuality "1"]
[TimeControl "40/5400+30:1800+30"]

1. d4 Nf6 2. Nf3 g6 3. c4 Bg7 4. g3 O-O 5. Bg2 c6 6. O-O d5 7. Nbd2 Nbd7 8. b3 b6 9. Bb2 Bb7 10. Rc1 e6 11. Qc2 Rc8 12. Rfd1 c5 13. dxc5 Nxc5 14. Ne5 Qc7 15. cxd5 Bxd5 16. e4 Nfxe4 17. Nxe4 Bxe4 18. Qxe4 Nxe4 19. Rxc7 Rxc7 20. Bxe4 Rfc8 21. f4 f6 22. Nc4 f5 23. Bxg7 Kxg7 24. Bd3 b5 25. Nd6 Rc1 26. Rxc1 Rxc1+ 27. Kf2 b4 28. Ke3 Ra1 29. h4 Rxa2 30. Bc4 Kf6 31. Kd4 a5 32. Bb5 Rg2 33. Nc4 Rxg3 34. Nxa5 Rg4 35. Ke3 Rxh4 36. Bc4 e5 37. fxe5+ Kxe5 38. Nc6+ Kd6 39. Nxb4 g5 40. Nd3 f4+ 41. Kf3 Rh3+ 42. Kg4 Rg3+ 43. Kf5 f3 44. Nf2 Rg2 45. Ne4+ Kc6 46. Nxg5 f2 47. Nh3 Rg3 48. Nf4 Rg1 49. Bd5+ Kb6 50. Bc4 f1=Q 51. Bxf1 Rxf1 52. Kg5 h6+ 53. Kg4 Rh1 54. b4 Kb5 55. Kf5 Rg1 56. Nh3 Rg3 57. Nf4 Kxb4 58. Nd5+ Kc5 59. Nf6 Kd4 60. Kf4 Rg6 61. Nh5 Rg1 62. Ng3 Kd5 63. Nh5 Ke6 64. Ng3 Kf6 65. Ne4+ Kg6 66. Kf3 h5 67. Kf2 Rg4 68. Nd2 h4 69. Nf3 Kf5 70. Nh2 Rg7 71. Nf3 h3 72. Kf1 Kf4 73. Ke1 0-1

[Event "21st Alekhine FIDE 2017"]
[Site "Voronezh"]
[Date "2017.06.12"]
[Round "1"]
[White "Teryaeva, Valeria"]
[Black "Ponomariov, Timur"]
[Result "0-1"]
[ECO "C42"]
[WhiteElo "1814"]
[BlackElo "2196"]
[Annotator "ChessBase"]
[PlyCount "53"]
[EventDate "2017.??.??"]
[EventType "swiss"]
[EventCountry "RUS"]
[SourceTitle "playchess.com"]
[Source "ChessBase"]
[SourceQuality "1"]
[TimeControl "40/5400+30:1800+30"]

1. e4 e5 2. Nf3 Nf6 3. Nxe5 Qe7 4. Nf3 Nxe4 5. Be2 d5 6. O-O Nc6 7. Nc3 Be6 8. Bb5 Qc5 9. d4 Nxc3 10. dxc5 Nxd1 11. Rxd1 Bxc5 12. Ne5 a6 13. Bxc6+ bxc6 14. Nxc6 O-O 15. Bf4 Rfe8 16. Rd3 Bb6 17. h3 Bf5 18. Rd2 Re4 19. Bg3 Bd7 20. Ne5 Be6 21. Rad1 Re8 22. Nc6 h5 23. c3 h4 24. Bh2 Bg4 25. Rf1 Be2 26. Rc1 Bb5 27. Bf4 0-1

[Event "21st Alekhine FIDE 2017"]
[Site "Voronezh"]
[Date "2017.06.12"]
[Round "1"]
[White "Mezhov, Dmitriy"]
[Black "Provkin, Vladimir"]
[Result "0-1"]
[ECO "E76"]
[WhiteElo "1809"]
[BlackElo "2163"]
[Annotator "ChessBase"]
[PlyCount "107"]
[EventDate "2017.??.??"]
[EventType "swiss"]
[EventCountry "RUS"]
[SourceTitle "playchess.com"]
[Source "ChessBase"]
[SourceQuality "1"]
[TimeControl "40/5400+30:1800+30"]

1. d4 Nf6 2. c4 g6 3. Nc3 d6 4. e4 Bg7 5. f4 O-O 6. Nf3 Na6 7. Bd3 Bg4 8. Be3 e5 9. fxe5 dxe5 10. d5 c5 11. O-O Ne8 12. h3 Bxf3 13. Rxf3 Nd6 14. Nb5 b6 15. Nxd6 Qxd6 16. Qd2 Nc7 17. Raf1 Ne8 18. Bh6 Qe7 19. Bxg7 Kxg7 20. h4 h5 21. g3 Rd8 22. a3 Rd6 23. b4 Rf6 24. Qg5 Qd6 25. bxc5 bxc5 26. Qd2 Rxf3 27. Rxf3 Nf6 28. Qa5 Rb8 29. Qxa7 Rb2 30. a4 Rb6 31. Qa5 Qc7 32. Qc3 Rb4 33. Bc2 Ne8 34. a5 f6 35. Qa3 Nd6 36. Bd3 Qa7 37. Qa2 Nb7 38. a6 Rb6 39. Qa4 Nd6 40. Qa5 Rxa6 41. Qd8 Nf7 42. Qc8 Qb6 43. Rf1 Ra3 44. Rb1 Rb3 45. Rd1 Rxd3 46. Rxd3 Qb1+ 47. Kf2 Qxd3 48. Qxc5 Qxe4 49. Qc7 Qd4+ 50. Kf1 e4 51. c5 Qxd5 52. c6 e3 53. Qb6 Qf3+ 54. Ke1 0-1

[Event "21st Alekhine FIDE 2017"]
[Site "Voronezh"]
[Date "2017.06.12"]
[Round "1"]
[White "Astakhov, Alexander"]
[Black "Palin, Denis"]
[Result "1/2-1/2"]
[ECO "A25"]
[WhiteElo "1798"]
[BlackElo "2158"]
[Annotator "ChessBase"]
[PlyCount "94"]
[EventDate "2017.??.??"]
[EventType "swiss"]
[EventCountry "RUS"]
[SourceTitle "playchess.com"]
[Source "ChessBase"]
[SourceQuality "1"]
[TimeControl "40/5400+30:1800+30"]

1. c4 e5 2. Nc3 d6 3. g3 Nc6 4. Bg2 Be6 5. d3 Qd7 6. e3 g6 7. Nge2 Bh3 8. O-O h5 9. f3 Bxg2 10. Kxg2 h4 11. g4 f5 12. h3 Nge7 13. Nd5 Nxd5 14. cxd5 Ne7 15. e4 f4 16. a4 Bg7 17. Nc3 c6 18. Rb1 Rc8 19. Bd2 O-O 20. b4 Rc7 21. Qb3 Kh8 22. Rfc1 Bf6 23. Rb2 Kg7 24. Rbc2 Rfc8 25. Be1 Qd8 26. Bf2 Rd7 27. a5 a6 28. Na4 cxd5 29. Rxc8 Nxc8 30. Qxd5 Rc7 31. Rxc7+ Qxc7 32. Qc4 Qxc4 33. dxc4 Kf7 34. Nb6 Nxb6 35. Bxb6 Ke6 36. Kf2 Kd7 37. Ke2 Bd8 38. Bxd8 Kxd8 39. Kd3 Kc7 40. b5 b6 41. axb6+ Kxb6 42. bxa6 Kxa6 43. Kc3 Ka5 44. Kb3 Kb6 45. Kb4 g5 46. Kb3 Kc5 47. Kc3 Kb6 1/2-1/2

[Event "21st Alekhine FIDE 2017"]
[Site "Voronezh"]
[Date "2017.06.12"]
[Round "1"]
[White "Pikalova, Sofya"]
[Black "Puchko, Nikolay"]
[Result "0-1"]
[ECO "B47"]
[WhiteElo "1792"]
[BlackElo "2154"]
[Annotator "ChessBase"]
[PlyCount "110"]
[EventDate "2017.??.??"]
[EventType "swiss"]
[EventCountry "RUS"]
[SourceTitle "playchess.com"]
[Source "ChessBase"]
[SourceQuality "1"]
[TimeControl "40/5400+30:1800+30"]

1. e4 c5 2. Nf3 Nc6 3. d4 cxd4 4. Nxd4 Qc7 5. Nc3 e6 6. g3 h6 7. Bg2 Nf6 8. O-O Nxd4 9. Qxd4 Bc5 10. Qd3 a6 11. Bf4 e5 12. Be3 d6 13. Bxc5 Qxc5 14. Rad1 Ke7 15. Nd5+ Nxd5 16. Qxd5 Qxd5 17. exd5 Bg4 18. Rde1 Rac8 19. c3 Rc5 20. f4 f6 21. fxe5 dxe5 22. Rf4 Bh5 23. Rb4 Rb8 24. Rb6 Kd7 25. d6 Rb5 26. Bh3+ Kd8 27. Rxb5 axb5 28. d7 Bf3 29. Rc1 Bc6 30. c4 bxc4 31. Rxc4 Bxd7 32. Bxd7 Kxd7 33. Rb4 Kc6 34. Kf2 Kc5 35. a3 b5 36. Re4 b4 37. axb4+ Rxb4 38. Re2 Kc4 39. Rd2 Rb7 40. Ke3 f5 41. Rc2+ Kd5 42. Rd2+ Ke6 43. h4 Rb3+ 44. Kf2 e4 45. Re2 Ke5 46. Kg2 g5 47. hxg5 hxg5 48. Rc2 Kd4 49. Kf2 Kd3 50. Re2 f4 51. gxf4 gxf4 52. Ke1 e3 53. Kd1 f3 54. Rd2+ Ke4 55. Rd8 Rd3+ 0-1

[Event "21st Alekhine FIDE 2017"]
[Site "Voronezh"]
[Date "2017.06.12"]
[Round "1"]
[White "Smirnov, Mark A"]
[Black "Maratkanov, Evgeny"]
[Result "0-1"]
[ECO "D15"]
[WhiteElo "1762"]
[BlackElo "2145"]
[Annotator "ChessBase"]
[PlyCount "86"]
[EventDate "2017.??.??"]
[EventType "swiss"]
[EventCountry "RUS"]
[SourceTitle "playchess.com"]
[Source "ChessBase"]
[SourceQuality "1"]
[TimeControl "40/5400+30:1800+30"]

1. d4 d5 2. c4 c6 3. Nc3 Nf6 4. Nf3 dxc4 5. e3 b5 6. a4 b4 7. Na2 e6 8. Bxc4 Be7 9. O-O O-O 10. Re1 c5 11. e4 Ba6 12. Bxa6 Nxa6 13. Bg5 h6 14. Bxf6 Bxf6 15. Qe2 Qb6 16. a5 Qb7 17. dxc5 Rac8 18. e5 Be7 19. Qe4 Qxe4 20. Rxe4 Bxc5 21. Nd4 Rfd8 22. Nb3 Be7 23. Kf1 Rd3 24. Nac1 Rd1+ 25. Re1 Rd5 26. Re2 g5 27. g3 g4 28. Na2 h5 29. Rc1 Rxc1+ 30. Naxc1 Kg7 31. Kg2 Bd8 32. h3 gxh3+ 33. Kxh3 Bxa5 34. Nxa5 Rxa5 35. Kh4 Rd5 36. Kxh5 Nc5 37. f4 a5 38. Rg2 b3 39. g4 Rd1 40. f5 Rxc1 41. f6+ Kh7 42. g5 Rc2 43. Rg1 Rxb2 0-1

[Event "21st Alekhine FIDE 2017"]
[Site "Voronezh"]
[Date "2017.06.12"]
[Round "1"]
[White "Makushin, Aleksandr"]
[Black "Gitelson, Arkady"]
[Result "1/2-1/2"]
[ECO "B22"]
[WhiteElo "1753"]
[BlackElo "2120"]
[Annotator "ChessBase"]
[PlyCount "80"]
[EventDate "2017.??.??"]
[EventType "swiss"]
[EventCountry "RUS"]
[SourceTitle "playchess.com"]
[Source "ChessBase"]
[SourceQuality "1"]
[TimeControl "40/5400+30:1800+30"]

1. e4 c5 2. c3 g6 3. Nf3 Bg7 4. d4 cxd4 5. cxd4 d5 6. e5 f6 7. Bb5+ Nc6 8. O-O a6 9. exf6 Nxf6 10. Ba4 O-O 11. h3 Bf5 12. Nc3 b5 13. Bc2 Bxc2 14. Qxc2 b4 15. Na4 Rc8 16. Nc5 Ne4 17. Nxe4 Nxd4 18. Qd1 dxe4 19. Nxd4 Qxd4 20. Qxd4 Bxd4 21. Bd2 Rc2 22. Bxb4 Rxb2 23. Bxe7 Rfxf2 24. Kh1 Rxg2 25. Bd6 Rgd2 26. Rac1 Bc5 27. Rf8+ Kg7 28. Bxc5 Rh2+ 29. Kg1 Rbg2+ 30. Kf1 Rg5 31. Rc8 Rf5+ 32. Kg1 Rxh3 33. Rc7+ Kh6 34. Rc2 e3 35. Re2 Rg5+ 36. Rg2 e2 37. Bb4 Rxg2+ 38. Kxg2 Ra3 39. Rc2 Re3 40. Kf2 g5 1/2-1/2